TOP OF THE 1ST |
Seattle Pikes batting - Pitching for Fresno Deplorables : RHP Dionisio Penni
|
Pitching: RHP Dionisio Penni
|
|
Batting: RHB Randy Sheppard
|
0-0: Called Strike 0-1: DOUBLE (Line Drive, 9LM)
|
Batting: RHB António Ortega
|
0-0: Ball 1-0: Foul Ball, location: 2F 1-1: Called Strike 1-2: Strikes out swinging
|
Batting: RHB Manuel Rico
|
0-0: Ball Randy Sheppard steals 3rd base 1-0: Ground out 5-3 (Groundball, 56S) Randy Sheppard scores
|
Batting: RHB Iván Gonzáles
|
0-0: Foul Ball, location: 2F 0-1: Foul Ball, location: 2F 0-2: Strikes out swinging
|
Top of the 1st over - 1 run(s), 1 hit(s), 0 error(s), 0 left on base; Seattle 1 - Fresno 0 |
BOTTOM OF THE 1ST |
Fresno Deplorables batting - Pitching for Seattle Pikes : LHP Mike Graves
|
Pitching: LHP Mike Graves
|
|
Batting: LHB John Cotton
|
0-0: Ground out 4-3 (Groundball, 4)
|
Batting: LHB Paul Mullins
|
0-0: Fly out, F9 (Flyball, 9S)
|
Batting: RHB Paco Arellano
|
0-0: Called Strike 0-1: Called Strike 0-2: Strikes out swinging
|
Bottom of the 1st over - 0 run(s), 0 hit(s), 0 error(s), 0 left on base; Seattle 1 - Fresno 0 |
TOP OF THE 2ND |
Seattle Pikes batting - Pitching for Fresno Deplorables : RHP Dionisio Penni
|
Batting: RHB Eugene Gill
|
0-0: Called Strike 0-1: Foul Ball, location: 2F 0-2: Strikes out swinging
|
Batting: RHB Wallace Greene
|
0-0: Ball 1-0: Ball 2-0: Called Strike 2-1: Ball 3-1: Foul Ball, location: 2F 3-2: Foul Ball, location: 2F 3-2: Strikes out looking
|
Batting: LHB Keith Tillman
|
0-0: Foul Ball, location: 2F 0-1: Ball 1-1: Foul Ball, location: 2F 1-2: Foul Ball, location: 2F 1-2: Ground out 4-3 (Groundball, 4)
|
Top of the 2nd over - 0 run(s), 0 hit(s), 0 error(s), 0 left on base; Seattle 1 - Fresno 0 |
BOTTOM OF THE 2ND |
Fresno Deplorables batting - Pitching for Seattle Pikes : LHP Mike Graves
|
Batting: LHB Jeff Daniels
|
0-0: Swinging Strike 0-1: Ball 1-1: Ball 2-1: Ground out 1-3 (Groundball, 13S)
|
Batting: RHB Manolo Román
|
0-0: Called Strike 0-1: Called Strike 0-2: Strikes out swinging
|
Batting: LHB Keith Beard
|
0-0: Swinging Strike 0-1: DOUBLE (Line Drive, 9LM)
|
Batting: RHB Aaron Scott
|
0-0: Called Strike 0-1: Foul Ball, location: 2F 0-2: Ball 1-2: Ball 2-2: Ball 3-2: Strikes out swinging
|
Bottom of the 2nd over - 0 run(s), 1 hit(s), 0 error(s), 1 left on base; Seattle 1 - Fresno 0 |
TOP OF THE 3RD |
Seattle Pikes batting - Pitching for Fresno Deplorables : RHP Dionisio Penni
|
Batting: RHB Pete Rideout
|
0-0: Called Strike 0-1: Ground out 5-3 (Groundball, 56)
|
Batting: SHB António Hernández
|
0-0: Called Strike 0-1: Ball 1-1: Reached on error, E6 (Groundball, 6)
|
Batting: RHB Randy Sheppard
|
0-0: Ball 1-0: Swinging Strike 1-1: Ball 2-1: Swinging Strike 2-2: Foul Ball, location: 2F 2-2: Ball 3-2: Strikes out looking
|
Batting: RHB António Ortega
|
0-0: Called Strike 0-1: Ball 1-1: Fly out, F8 (Flyball, 8RXD)
|
Top of the 3rd over - 0 run(s), 0 hit(s), 1 error(s), 1 left on base; Seattle 1 - Fresno 0 |
BOTTOM OF THE 3RD |
Fresno Deplorables batting - Pitching for Seattle Pikes : LHP Mike Graves
|
Batting: LHB Tom Blake
|
0-0: Foul Ball, location: 2F 0-1: Swinging Strike 0-2: Ground out U3 (Groundball, 3L)
|
Batting: RHB Germán Rosales
|
0-0: Called Strike 0-1: Fly out, F8 (Flyball, 8RD)
|
Batting: LHB John Cotton
|
0-0: Called Strike 0-1: Ball 1-1: Called Strike 1-2: Ball 2-2: Ball 3-2: Base on Balls
|
Batting: LHB Paul Mullins
|
0-0: Called Strike 0-1: Ball 1-1: SINGLE (Groundball, 6D) John Cotton to second
|
Batting: RHB Paco Arellano
|
0-0: Ball 1-0: Ball 2-0: Fielders Choice at 2nd, 4-6 (Groundball, 4)
|
Bottom of the 3rd over - 0 run(s), 1 hit(s), 0 error(s), 1 left on base; Seattle 1 - Fresno 0 |
TOP OF THE 4TH |
Seattle Pikes batting - Pitching for Fresno Deplorables : RHP Dionisio Penni
|
Batting: RHB Manuel Rico
|
0-0: Fly out, F8 (Flyball, 78XD)
|
Batting: RHB Iván Gonzáles
|
0-0: Called Strike 0-1: Ball 1-1: Ball 2-1: Swinging Strike 2-2: Strikes out swinging
|
Batting: RHB Eugene Gill
|
0-0: Swinging Strike 0-1: Foul Ball, location: 2F 0-2: Fly out, F9 (Flyball, 9)
|
Top of the 4th over - 0 run(s), 0 hit(s), 0 error(s), 0 left on base; Seattle 1 - Fresno 0 |
BOTTOM OF THE 4TH |
Fresno Deplorables batting - Pitching for Seattle Pikes : LHP Mike Graves
|
Batting: LHB Jeff Daniels
|
0-0: Ball 1-0: Foul Ball, location: 2F 1-1: Ball 2-1: Ball 3-1: Foul Ball, location: 2F 3-2: Ground out 6-3 (Groundball, 6)
|
Batting: RHB Manolo Román
|
0-0: Ground out 6-3 (Groundball, 6MD)
|
Batting: LHB Keith Beard
|
0-0: Foul Ball, location: 2F 0-1: Called Strike 0-2: Foul Ball, location: 2F 0-2: Fly out, F6 (Line Drive, 6)
|
Bottom of the 4th over - 0 run(s), 0 hit(s), 0 error(s), 0 left on base; Seattle 1 - Fresno 0 |
TOP OF THE 5TH |
Seattle Pikes batting - Pitching for Fresno Deplorables : RHP Dionisio Penni
|
Batting: RHB Wallace Greene
|
0-0: Called Strike 0-1: Fly out, F9 (Flyball, 9S)
|
Batting: LHB Keith Tillman
|
0-0: Ball 1-0: Foul Ball, location: 2F 1-1: Ball 2-1: SINGLE (Groundball, 34D)
|
Batting: RHB Pete Rideout
|
0-0: Ball 1-0: Called Strike 1-1: SINGLE (Line Drive, 78S) Keith Tillman to second
|
Batting: SHB António Hernández
|
0-0: Ball Keith Tillman steals 3rd base Pete Rideout to second 1-0: Ball 2-0: Ball 3-0: Foul Ball, location: 2F 3-1: Base on Balls
|
Batting: RHB Randy Sheppard
|
0-0: Grounds into double play, 5-2-3 (Groundball, 5S)
|
Top of the 5th over - 0 run(s), 2 hit(s), 0 error(s), 2 left on base; Seattle 1 - Fresno 0 |
BOTTOM OF THE 5TH |
Fresno Deplorables batting - Pitching for Seattle Pikes : LHP Mike Graves
|
Batting: RHB Aaron Scott
|
0-0: Ball 1-0: DOUBLE (Flyball, 78M)
|
Batting: LHB Tom Blake
|
0-0: Ground out U3 (Groundball, 3) Aaron Scott to third
|
Batting: RHB Germán Rosales
|
0-0: Ball 1-0: Ball 2-0: Ground out 5-3 (Groundball, 56S)
|
Batting: LHB John Cotton
|
0-0: Ball 1-0: Swinging Strike 1-1: Called Strike 1-2: Foul Ball, location: 2F 1-2: Strikes out swinging
|
Bottom of the 5th over - 0 run(s), 1 hit(s), 0 error(s), 1 left on base; Seattle 1 - Fresno 0 |
TOP OF THE 6TH |
Seattle Pikes batting - Pitching for Fresno Deplorables : RHP Dionisio Penni
|
Batting: RHB António Ortega
|
0-0: Foul Ball, location: 2F 0-1: Fly out, F7 (Flyball, 78M)
|
Batting: RHB Manuel Rico
|
0-0: SINGLE (Groundball, 6MD)
|
Batting: RHB Iván Gonzáles
|
0-0: Called Strike 0-1: Ball 1-1: Ball 2-1: Ball 3-1: Base on Balls Manuel Rico to second
|
Batting: RHB Eugene Gill
|
0-0: Foul Ball, location: 2F 0-1: Grounds into double play, 4-6-3 (Groundball, 4)
|
Top of the 6th over - 0 run(s), 1 hit(s), 0 error(s), 1 left on base; Seattle 1 - Fresno 0 |
BOTTOM OF THE 6TH |
Fresno Deplorables batting - Pitching for Seattle Pikes : LHP Mike Graves
|
Batting: LHB Paul Mullins
|
0-0: Ball 1-0: Called Strike 1-1: Called Strike 1-2: Foul Ball, location: 2F 1-2: Strikes out swinging
|
Batting: RHB Paco Arellano
|
0-0: Ball 1-0: Foul Ball, location: 2F 1-1: Swinging Strike 1-2: Strikes out swinging
|
Batting: LHB Jeff Daniels
|
0-0: Called Strike 0-1: Fly out, F7 (Flyball, 7)
|
Bottom of the 6th over - 0 run(s), 0 hit(s), 0 error(s), 0 left on base; Seattle 1 - Fresno 0 |
TOP OF THE 7TH |
Seattle Pikes batting - Pitching for Fresno Deplorables : RHP Dionisio Penni
|
Batting: RHB Wallace Greene
|
0-0: Swinging Strike 0-1: Called Strike 0-2: Ball 1-2: Foul Ball, location: 2F 1-2: Ball 2-2: Ball 3-2: Base on Balls
|
Batting: LHB Keith Tillman
|
0-0: Sac Bunt - play at first, batter OUT! 3-4 Wallace Greene to second
|
Batting: RHB Pete Rideout
|
0-0: Foul Ball, location: 2F 0-1: Ground out 3-1 (Groundball, 34) Wallace Greene to third
|
Batting: SHB António Hernández
|
0-0: SINGLE (Groundball, 5D) Wallace Greene scores
|
Batting: RHB Randy Sheppard
|
0-0: Called Strike 0-1: Ball 1-1: Swinging Strike 1-2: Foul Ball, location: 2F 1-2: Strikes out swinging
|
Top of the 7th over - 1 run(s), 1 hit(s), 0 error(s), 1 left on base; Seattle 2 - Fresno 0 |
BOTTOM OF THE 7TH |
Fresno Deplorables batting - Pitching for Seattle Pikes : LHP Mike Graves
|
Batting: RHB Manolo Román
|
0-0: Called Strike 0-1: Foul Ball, location: 2F 0-2: Ball 1-2: Strikes out swinging
|
Batting: LHB Keith Beard
|
0-0: Ball 1-0: SINGLE (Groundball, 34D)
|
Batting: RHB Aaron Scott
|
0-0: Ball 1-0: Called Strike 1-1: Foul Ball, location: 2F 1-2: Ball 2-2: SINGLE (Groundball, 6MD) Keith Beard to second
|
Batting: LHB Tom Blake
|
0-0: Foul Ball, location: 2F 0-1: SINGLE (Flyball, 8LS) Keith Beard to third Aaron Scott to second Runner from 3rd tries for Home, SAFE, no throw
|
Batting: RHB Germán Rosales
|
0-0: Ball 1-0: Ball 2-0: Called Strike 2-1: DOUBLE (Line Drive, 89D) Aaron Scott scores Tom Blake to third
|
Batting: LHB John Cotton
|
0-0: Called Strike 0-1: Ground out 4-3 (Groundball, 4)
|
Batting: LHB Paul Mullins
|
0-0: Called Strike 0-1: Called Strike 0-2: Ball 1-2: Foul Ball, location: 2F 1-2: Foul Ball, location: 2F 1-2: Foul Ball, location: 2F 1-2: Ball 2-2: Foul Ball, location: 2F 2-2: Ground out 4-3 (Groundball, 34)
|
Bottom of the 7th over - 2 run(s), 4 hit(s), 0 error(s), 2 left on base; Seattle 2 - Fresno 2 |
TOP OF THE 8TH |
Seattle Pikes batting - Pitching for Fresno Deplorables : RHP Dionisio Penni
|
Batting: RHB António Ortega
|
0-0: Foul Ball, location: 2F 0-1: Called Strike 0-2: Strikes out looking
|
Batting: RHB Manuel Rico
|
0-0: Called Strike 0-1: Foul Ball, location: 2F 0-2: Foul Ball, location: 2F 0-2: Ball 1-2: Foul Ball, location: 2F 1-2: Ball 2-2: Ball 3-2: Foul Ball, location: 2F 3-2: Base on Balls
|
Batting: RHB Iván Gonzáles
|
0-0: Ball 1-0: DOUBLE (Groundball, 5L) Manuel Rico to third Runner from 3rd tries for Home, SAFE, no throw
|
Pitching: RHP César Menéndez
|
|
Batting: RHB Eugene Gill
|
0-0: Called Strike 0-1: Ball 1-1: Ball 2-1: SINGLE (Groundball, 34D) Iván Gonzáles to third Runner from 3rd tries for Home, SAFE, throw made home
|
Batting: RHB Wallace Greene
|
0-0: Called Strike 0-1: Reached on error, E5 (Groundball, 5L) Eugene Gill to second
|
Pitching: LHP Juan Ortíz
|
|
Pinch Hitting: RHB Tae-kwon Kwon
|
0-0: Ground out 6-3 (Groundball, 6S) Eugene Gill to third Wallace Greene to second
|
Batting: RHB Pete Rideout
|
0-0: Intentional Walk
|
Pitching: RHP Butch Ramey
|
|
Batting: SHB António Hernández
|
0-0: Called Strike 0-1: Ball 1-1: Ball 2-1: Foul Ball, location: 2F 2-2: Strikes out swinging
|
Top of the 8th over - 2 run(s), 2 hit(s), 1 error(s), 3 left on base; Seattle 4 - Fresno 2 |
BOTTOM OF THE 8TH |
Fresno Deplorables batting - Pitching for Seattle Pikes : LHP Mike Graves
|
Pitching: RHP Francisco Carrasco
|
|
Now at SS: Roberto Zamora
|
|
Batting: RHB Paco Arellano
|
0-0: Called Strike 0-1: Foul Ball, location: 2F 0-2: Strikes out swinging
|
Batting: LHB Jeff Daniels
|
0-0: Fly out, F6 (Line Drive, 6D)
|
Pitching: RHP Orlando Ojeda
|
|
Batting: RHB Manolo Román
|
0-0: Ball 1-0: Swinging Strike 1-1: Swinging Strike 1-2: Strikes out looking
|
Bottom of the 8th over - 0 run(s), 0 hit(s), 0 error(s), 0 left on base; Seattle 4 - Fresno 2 |
TOP OF THE 9TH |
Seattle Pikes batting - Pitching for Fresno Deplorables : RHP Butch Ramey
|
Batting: RHB Randy Sheppard
|
0-0: Ground out 5-3 (Groundball, 5)
|
Batting: RHB António Ortega
|
0-0: Swinging Strike 0-1: Called Strike 0-2: Ball 1-2: Strikes out looking
|
Batting: RHB Manuel Rico
|
0-0: Ball 1-0: SINGLE (Flyball, 8LS)
|
Batting: RHB Iván Gonzáles
|
0-0: Ball 1-0: Swinging Strike Manuel Rico steals 2nd base 1-1: Called Strike 1-2: Ball 2-2: SINGLE (Groundball, 34D) Manuel Rico to third Runner from 3rd tries for Home, SAFE, no throw
|
Batting: RHB Eugene Gill
|
0-0: Ball 1-0: Called Strike 1-1: Ball 2-1: Ball 3-1: Foul Ball, location: 2F 3-2: Foul Ball, location: 2F 3-2: Strikes out looking
|
Top of the 9th over - 1 run(s), 2 hit(s), 0 error(s), 1 left on base; Seattle 5 - Fresno 2 |
BOTTOM OF THE 9TH |
Fresno Deplorables batting - Pitching for Seattle Pikes : RHP Orlando Ojeda
|
Pitching: LHP Cristián Escobar
|
|
Batting: LHB Keith Beard
|
0-0: Ground out U3 (Groundball, 34S)
|
Batting: RHB Aaron Scott
|
0-0: Called Strike 0-1: Swinging Strike 0-2: Foul Ball, location: 2F 0-2: Foul Ball, location: 2F 0-2: Ball 1-2: Foul Ball, location: 2F 1-2: Ball 2-2: SINGLE (Line Drive, 7LS)
|
Batting: LHB Tom Blake
|
0-0: Foul Ball, location: 2F 0-1: Called Strike 0-2: Foul Ball, location: 2F 0-2: Foul Ball, location: 2F 0-2: Strikes out swinging
|
Batting: RHB Germán Rosales
|
0-0: SINGLE (Groundball, 34S) (infield hit) Aaron Scott to second
|
Batting: LHB John Cotton
|
0-0: Called Strike 0-1: Ball 1-1: Foul Ball, location: 2F 1-2: Fly out, F4 (Popup, 4D)
|
Bottom of the 9th over - 0 run(s), 2 hit(s), 0 error(s), 2 left on base; Seattle 5 - Fresno 2 |
|